 Dungeon Crawl Stone Soup version 0.29.0-13-gc9e81de378 (webtiles) character file.

Game seed: 5344150479897480318

138 mtoz the Trooper (level 5, 0/46 HPs)
             Began as a Hill Orc Fighter on Sept 9, 2022.
             Slain by Pikel
             ... wielding a +0 whip of freezing
              (2 damage)
             ... on level 3 of the Dungeon.
             The game lasted 00:09:23 (3188 turns).

mtoz the Trooper (Hill Orc Fighter)                 Turns: 3188, Time: 00:09:23

Health: 0/46       AC: 13    Str: 21    XL:     5   Next: 21%
Magic:  6/6        EV:  9    Int:  8    God:
Gold:   69         SH:  0    Dex: 10    Spells: 4/4 levels left

rFire   . . .      SeeInvis .   x - +1 hand axe
rCold   . . .      Faith    .   c - +0 buckler
rNeg    + . .      Spirit   .   b - +0 scale mail
rPois   .          Reflect  .   o - +1 hat
rElec   .          Harm     .   (no cloak)
rCorr   .          Rampage  .   B - +0 pair of gloves
Will    .....                   (no boots)
Stlth   ..........              (no amulet)
HPRegen 0.15/turn               g - ring of positive energy
MPRegen 0.10/turn               h - +4 ring of protection

@: confused, about to teleport, ambrosia-drunk, hasted, very quick
A: no striking features
a: no special abilities


You were on level 3 of the Dungeon.
You visited 1 branch of the dungeon, and saw 4 of its levels.

You collected 69 gold pieces.

Inventory:

Hand Weapons
 a - a +0 war axe
 q - a +0 spear
 s - a +0 mace
 w - a +0 flail
 x - a +1 hand axe (weapon)
Missiles
 p - 34 stones (quivered)
 u - 12 poisoned darts
 y - a boomerang
 z - 2 datura-tipped darts
Armour
 b - a +0 scale mail (worn)
 c - a +0 buckler (worn)
 o - a +1 hat (worn)
 v - a +0 helmet
 B - a +0 pair of gloves (worn)
Jewellery
 g - a ring of positive energy (left hand)
 h - a +4 ring of protection (right hand)
Scrolls
 e - 2 scrolls of teleportation
 f - a scroll of magic mapping
 j - 2 scrolls of enchant weapon
 l - 2 scrolls of amnesia {unknown}
 A - a scroll of blinking {unknown}
Potions
 k - a potion of attraction
 t - a potion of mutation {unknown}


   Skills:
 + Level 4.2 Fighting
 * Level 4.1 Axes
 + Level 1.3 Throwing
 + Level 3.7 Armour
 + Level 1.0 Dodging
 + Level 3.8 Shields
 + Level 1.8 Invocations


You had 4 spell levels left.
You didn't know any spells.
Your spell library contained the following spells:

 Spells                   Type           Power      Damage    Failure   Level
 Gell's Gravitas          Tloc           0%         N/A       99%         3
 Lesser Beckoning         Tloc           0%         N/A       99%         3
 Teleport Other           Tloc           0%         N/A       99%         3
 Passage of Golubria      Tloc           0%         N/A       100%        4
 Silence                  Hex/Air        0%         N/A       100%        5
 Lehudib's Crystal Spear  Conj/Erth      0%         10d2      100%        8


Dungeon Overview and Level Annotations

Branches:
Dungeon (4/15)
 Temple: D:4-7

Altars:

Annotations:
D:3 Pikel


Message History

Pikel is lightly wounded.
Pikel hits you with a +0 whip of freezing!
Pikel freezes you.
You hit Pikel.
Pikel is moderately wounded.
Pikel hits you with a +0 whip of freezing.
Pikel freezes you.
You feel much better.
Pikel hits you with a +0 whip of freezing.
Pikel freezes you.
You feel yourself speed up.
Pikel hits you with a +0 whip of freezing.
Pikel freezes you.
You barely miss Pikel.
Pikel is lightly wounded.
Pikel hits you but does no damage.
You closely miss Pikel.
Pikel is lightly wounded.
You barely miss Pikel.
Pikel is lightly wounded.
Pikel hits you with a +0 whip of freezing!
Pikel freezes you.
You barely miss Pikel.
Pikel is lightly wounded.
Pikel hits you with a +0 whip of freezing!
* * * LOW HITPOINT WARNING * * *
Pikel freezes you.
* * * LOW HITPOINT WARNING * * *
You hit Pikel but do no damage.
Pikel is lightly wounded.
Pikel hits you but does no damage.
As you read the scroll of teleportation, it crumbles to dust.
You feel strangely unstable.
It was a potion of ambrosia.
You are confused.
You feel invigorated.
Pikel hits you with a +0 whip of freezing.
* * * LOW HITPOINT WARNING * * *
Pikel freezes you.
You die...

.............###......#########..
.######....#.....................
.##...........################.##
##.............## #####..##
#...............# ######.....##
#...............####......#####
#....................###### ####
#.................#### ###...
#...............@K# ###...##
................#.# ###....##
...............##.######...######
#.......#.....##..........###....
##.######.#####>.##..########..).
##...###........##....#####.)...ยง
...........................)#....
##...............####..######....
#.....##.........# ##..## #####


You could see Pikel (strong).

Vanquished Creatures
  3 lemures (D:4)
  Terence (D:2)
  Robin (D:2)
  2 adders
  2 dart slugs
  6 orcs
  2 ball pythons
  6 endoplasms
  3 giant cockroaches
  15 goblins
  7 hobgoblins
  3 quokkas
  9 bats
  2 frilled lizards
  4 kobolds
  7 rats
73 creatures vanquished.

Notes
Turn   | Place    | Note
-------+----------+-------------------------------------------
     0 | D:1      | mtoz the Hill Orc Fighter began the quest for the Orb.
     0 | D:1      | Reached XP level 1. HP: 19/19 MP: 1/1
   231 | D:1      | Reached XP level 2. HP: 22/27 MP: 2/2
   686 | D:2      | Noticed Robin
   732 | D:1      | Reached skill level 1 in Invocations
   732 | D:1      | Reached XP level 3. HP: 23/33 MP: 3/3
   832 | D:2      | Killed Robin
  1266 | D:2      | Reached XP level 4. HP: 39/40 MP: 5/5
  1380 | D:2      | Noticed Terence
  1389 | D:2      | Killed Terence
  1544 | D:2      | Reached skill level 1 in Throwing
  2603 | D:3      | Reached skill level 1 in Dodging
  2603 | D:3      | Reached XP level 5. HP: 31/46 MP: 6/6
  2954 | D:4      | Noticed a lemure
  2954 | D:4      | Noticed a lemure
  2954 | D:4      | Noticed a lemure
  2955 | D:4      | Noticed Pikel
  2976 | D:4      | Killed a lemure
  2977 | D:4      | Killed a lemure
  2984 | D:4      | Killed a lemure
  2986 | D:4      | Noticed an ogre
  3188 | D:3      | HP: 2/46 [Pikel/+0 whip of freezing (6)]
  3188 | D:3      | Slain by Pikel

Illustrated notes

Levels and vault maps discovered:
D:1:      minmay_arrival_three_doors, layout_basic
D:2:      layout_basic, uniq_robin, uniq_terence
D:3:      layout_rooms, kennysheep_minor_cross, kennysheep_big_empty_room
D:4:      layout_loops_cross, nicolae_dithmenos_shadow_blocks, minmay_ruptured,
          uniq_pikel

Skill      XL: |  1  2  3  4 |
---------------+-------------+-----
Axes           | 3 4 |  4.1
Invocations    | 1 |  1.8
Fighting       | 4 |  4.2
Throwing       | 1 |  1.3
Dodging        | 1 |  1.0
Armour         | |  3.7
Shields        | |  3.8

Action                   |  1- 3 |  4- 6 || total
-------------------------+-------+-------++-------
Melee: War axe           |    79 |    44 ||   123
       Hand axe          |       |    80 ||    80
  Use: Scroll            |     1 |     5 ||     6
       Potion            |       |     7 ||     7
Armor: Scale mail        |    67 |    74 ||   141
Dodge: Dodged            |    56 |    53 ||   109
Block: Buckler           |    18 |    34 ||    52
